 Dungeon Crawl Stone Soup version 0.31-a0-473-g61b50ae490 (webtiles) character file.

Game seed: 12276175987606969682

12362 Sabo the Cleaver (level 11, -7/87 HPs)
             Began as a Demonspawn Gladiator on Aug 6, 2023.
             Was a Priest of Ashenzari.
             Mangled by a thrashing horror (8 damage)
             ... on level 2 of the Abyss.
             The game lasted 00:52:49 (9704 turns).

Sabo the Cleaver (Demonspawn Gladiator)             Turns: 9704, Time: 00:52:50

Health: -7/87      AC: 19    Str: 18      XL:     11   Next: 61%
Magic:  0/12       EV: 12    Int:  7 (8)  God:    Ashenzari [***...]
Gold:   319        SH:  0    Dex: 20 (21) Spells: 10/11 levels left

rFire   + . .        G - +2 Maxwell's thermic engine {flame, freeze, rev}
rCold   . . .        (no shield)
rNeg    . . .        E - +3 chain mail "Chained Together" {Fort, Cun} (curse)
rPois   .            (helmet restricted)
rElec   .            m - +2 cloak of the Unyielding Gaze {Cun, Range} (curse)
rCorr   .            C - +0 pair of gloves
SInv    +            D - +0 pair of boots "Gaze Upon Infinity" {Cun, Dev} (curse)
Will    .....        s - amulet "At What Cost Knowledge?" {Spirit, Alch, Range} (curse) Stlth
                     t - ring of protection from fire
HPRegen 0.34/turn    z - ring of Ashenzari's Portent {Dex+6, Alch, Elem} (curse)
MPRegen 0.13/turn

%: clarity, guardian spirit
@: no status effects
A: antennae 1, icy blue scales 2, demonic guardian 2, ignite blood 2, deformed
body, deterioration 2, dopey 1
a: Renounce Religion, Curse Item, Shatter the Chains


You were on level 2 of the Abyss.
You worshipped Ashenzari.
Ashenzari was most pleased with you.
You visited 2 branches of the dungeon, and saw 10 of its levels.
You visited the Abyss 2 times.

You collected 487 gold pieces.
You spent 168 gold pieces at shops.

Inventory:

Hand Weapons
 a - a +0 war axe of freezing
 b - a +0 orcbow
 r - a +0 war axe
 G - the +2 Maxwell's thermic engine (weapon) {flame, freeze, rev}
   (You found it on level 9 of the Dungeon)
Missiles
 d - 2 throwing nets (quivered)
 e - a javelin
 g - 42 poisoned darts
 k - a curare-tipped dart
 A - 11 darts of dispersal
Armour
 m - the cursed +2 cloak of the Unyielding Gaze (worn) {Cun, Range}
   (You found it on level 6 of the Dungeon)

   It has a curse which improves the following skills: Cunning: Dodging and
   Stealth.
   Ranged Combat: Ranged Weapons and Throwing.
 C - a +0 pair of gloves (worn)
 D - the cursed +0 pair of boots "Gaze Upon Infinity" (worn) {Cun, Dev}
   (You bought it in a shop on level 7 of the Dungeon)

   It has a curse which improves the following skills: Cunning: Dodging and
   Stealth.
   Devices:   Evocations and Shapeshifting.
 E - the cursed +3 chain mail "Chained Together" (worn) {Fort, Cun}
   (You took it off an orc on level 9 of the Dungeon)

   It has a curse which improves the following skills: Fortitude: Armour and
   Shields.
   Cunning:   Dodging and Stealth.
Jewellery
 s - the cursed amulet "At What Cost Knowledge?" (around neck) {Spirit, Alch, Range}
   (You found it on level 3 of the Dungeon)

   [amulet of guardian spirit]

   It causes incoming damage to be divided between your reserves of health and
   magic.
   It has a curse which improves the following skills: Alchemy: Poison Magic and
   Transmutations.
   Ranged Combat: Ranged Weapons and Throwing.
 t - a ring of protection from fire (left hand)
 z - the cursed ring of Ashenzari's Portent (right hand) {Dex+6, Alch, Elem}
   (You found it on level 4 of the Dungeon)

   [ring of dexterity]

   Dex:       It affects your dexterity (+6).
   It has a curse which improves the following skills: Alchemy: Poison Magic and
   Transmutations.
   Elements:  Fire Magic, Ice Magic, Air Magic and Earth Magic.
 H - an amulet of the acrobat
Talismans
 i - a beast talisman
 q - a blade talisman
Wands
 c - a wand of mindburst (9)
 p - a wand of flame (26)
 v - a wand of paralysis (31)
 x - a wand of acid (12)
 B - a wand of iceblast (10)
Scrolls
 f - a scroll of blinking
 j - 5 scrolls of teleportation
 n - 2 scrolls of poison
 y - 2 scrolls of fog
Potions
 h - 4 potions of ambrosia
 l - 2 potions of heal wounds
 o - 2 potions of curing
 u - 5 potions of might
 w - a potion of invisibility
Miscellaneous
 F - a sack of spiders
 I - a phial of floods


   Skills:
 + Level 8.7 Fighting
 + Level 0.1 Long Blades
 + Level 12.9 Axes
 + Level 2.0(3.7) Throwing
 + Level 7.6(9.2) Armour
 + Level 4.4(7.2) Dodging
 + Level 0.6(2.0) Stealth
 + Level 0.6 Spellcasting
 + Level 0.8 Summonings


You had 10 spell levels left.
You knew the following spells:

 Your Spells              Type           Power      Damage    Failure   Level
a - Summon Small Mammal   Summ           4%         N/A       91%         1

Your spell library contained the following spells:

 Spells                   Type           Power      Damage    Failure   Level
 Blink                    Tloc           0%         N/A       99%         2
 Ensorcelled Hibernation  Hex/Ice        0%         N/A       99%         2
 Lesser Beckoning         Tloc           0%         N/A       99%         2
 Momentum Strike          Conj/Tloc      0%         3d8       99%         2
 Passwall                 Tmut/Erth      0%         N/A       99%         2
 Sublimation of Blood     Necr           0%         N/A       99%         2
 Wereblood                Tmut           0%         N/A       99%         2
 Call Canine Familiar     Summ           1%         N/A       99%         3
 Gell's Gravitas          Tloc           0%         N/A       100%        3
 Ignite Poison            Fire/Tmut/Pois 0%         N/A       100%        3
 Summon Guardian Golem    Hex/Summ       0%         N/A       100%        3
 Swiftness                Air            0%         N/A       100%        3
 Teleport Other           Tloc           0%         N/A       100%        3
 Animate Dead             Necr           0%         N/A       100%        4
 Sticky Flame             Conj/Fire      0%         2d3       100%        4
 Borgnjor's Vile Clutch   Necr/Erth      0%         N/A       100%        5
 Fireball                 Conj/Fire      0%         3d3       100%        5
 Iskenderun's Battlesphe  Conj           0%         2d6       100%        5
 Conjure Ball Lightning   Conj/Air       0%         3x3d6     100%        6
 Death Channel            Necr           0%         N/A       100%        6
 Orb of Destruction       Conj           0%         9d5       100%        7
 Summon Hydra             Summ           0%         N/A       100%        7
 Ignition                 Fire           0%         3d3       100%        8


Dungeon Overview and Level Annotations

Branches:
Dungeon (9/15)             Temple (1/1) D:4            Lair (0/5) D:8
    Orc: D:9-12

Altars:
Ashenzari
Cheibriados
Dithmenos
Fedhas
Gozag
Hepliaklqana
Kikubaaqudgha
Makhleb
Nemelex Xobeh
Okawaru
Qazlal
Ru
Sif Muna
Trog
Uskayaw
Vehumet
Wu Jian
Xom
Yredelemnul

Shops:
D:4 ?   D:7 [


Innate Abilities, Weirdness & Mutations

You have a pair of small antennae on your head.
You are mostly covered in icy blue scales. (AC +3)
A demonic guardian rushes to your aid.
Your demonic aura often causes spilled blood to erupt in flames.
Armour fits poorly on your strangely shaped body.
Your body often deteriorates upon taking damage.
You are dopey. (Int -2)


Message History

The thrashing horror tramples you but does no damage.
The raiju bursts into living lightning!
The living lightning hits you!
* * * LOW HITPOINT WARNING * * *
A demonic guardian appears!
The raiju blinks!
The thrashing horror churns violently!
The thrashing horror seems to grow stronger.
A starcursed mass splits.
A chorus of shrieks assaults your mind.
* * * LOW HITPOINT WARNING * * *
Tentacles burst from the starspawn's body! 2 starspawn tentacles come into view.
You feel much better. The thrashing horror tramples you!
You stumble backwards!
A chorus of shrieks assaults your mind.
* * * LOW HITPOINT WARNING * * *
The thrashing horror tramples you but does no damage. x2
You feel much better. The thrashing horror tramples you.
You hold your ground!
The thrashing horror tramples you but does no damage.
A chorus of shrieks assaults your mind. The raiju bites you but does no damage.
Your ice devil closely misses the thrashing horror.
The raiju attacks as you move away! The raiju bites you but does no damage.
The thrashing horror attacks as you move away!
The thrashing horror barely misses you. The thrashing horror tramples you!
A neqoxec comes into view.
The neqoxec shouts!
The thrashing horror tramples you.
You hold your ground!
The thrashing horror tramples you but does no damage.
The raiju bursts into living lightning!
The living lightning hits you!!
* * * LOW HITPOINT WARNING * * *
The raiju blinks!
Your ice devil hits the starcursed mass!
Your ice devil freezes the starcursed mass!
The starcursed mass shudders and is absorbed by its neighbour.
The thrashing horror tramples you!
* * * LOW HITPOINT WARNING * * *
Your body deteriorates!
You feel dopey.
You hold your ground!
The thrashing horror tramples you!
You die...

..*#...##..#Λ...#,#
. .. #......./X│##
.#. *, .
.#...│##│###.. , *
.. ,####│#.│.#.#* ,
#.##│.w..## ,*
,,*##..XX.4..# . ,
, .##...#....#....
, ..h...X°○§.....#
* ,
.#.##..#@#......§ ,
.# #.#..#...#... ,
, . #.##......#*#.,
, ,,... .......# ,
* * , .##,..#.###≈~
~ * , *#####3~~..~
~ ~§ ~~~~ ~~~ ~ ~~
~ * , ~ * ,


You could see a starcursed mass, a tentacled starspawn, a thrashing horror
(strong, ally target), a raiju, a neqoxec, a starspawn tentacle and a friendly
ice devil (summoned).

Vanquished Creatures
  3 two-headed ogres (D:9)
  A flayed ghost (D:9)
  Pikel (D:7)
  A deep elf zephyrmancer (D:7)
  A wizard (D:9)
  An orc knight (D:9)
  An ugly thing (D:9)
  A komodo dragon (D:8)
  A troll (D:9)
  12 yaks
  2 wraiths (D:9)
  A vampire (D:8)
  2 wyverns (D:9)
  A steam dragon (D:9)
  A neqoxec (Abyss:2)
  A small abomination (Abyss:2)
  An acid dragon (D:9)
  A water moccasin (D:9)
  2 sky beasts
  A black bear (D:4)
  2 orc warriors
  An ice beast (D:7)
  An ogre (D:7)
  A boggart (D:9)
  A lemure (D:7)
  4 centaurs
  2 phantoms
  5 kobold brigands
  2 bullfrogs
  5 scorpions
  2 killer bees (D:9)
  A howler monkey (D:9)
  4 jellies
  4 orc priests
  6 hounds
  3 sleepcaps
  4 iguanas
  Ijyb (D:4)
  Natasha (twice) (D:2)
  6 orc wizards
  4 adders
  A shadow imp (D:5)
  2 white imps (D:7)
  3 worms
  A dart slug (D:4)
  20 orcs
  11 ball pythons
  6 endoplasms
  2 giant cockroaches
  4 goblins
  8 hobgoblins
  7 jackals
  4 quokkas
  2 bats
  3 frilled lizards
  19 kobolds
  6 rats
196 creatures vanquished.

Vanquished Creatures (collateral kills)
  2 two-headed ogres
  An ogre (D:5)
  A scorpion (D:3)
  A wight (D:9)
  An iguana (D:4)
  3 orcs (D:3)
  2 giant cockroaches
  A goblin (D:4)
12 creatures vanquished.

Vanquished Creatures (others)
  An acid dragon (D:9)
  9 starspawn tentacles (Abyss:2)
10 creatures vanquished.

Grand Total: 218 creatures vanquished

Notes
Turn   | Place    | Note
-------+----------+-------------------------------------------
     0 | D:1      | Sabo the Demonspawn Gladiator began the quest for the Orb.
     0 | D:1      | Reached XP level 1. HP: 16/16 MP: 1/1
   317 | D:1      | Reached skill level 3 in Axes
   317 | D:1      | Gained mutation: A weak demonic guardian rushes to your
                  | aid. [demonic ancestry]
   317 | D:1      | Reached XP level 2. HP: 19/22 MP: 2/2
   533 | D:1      | Learned a level 1 spell: Summon Small Mammal
   724 | D:1      | Gained mutation: You are partially covered in icy blue
                  | scales. (AC +2) [demonic ancestry]
   724 | D:1      | Reached XP level 3. HP: 27/27 MP: 3/3
  1262 | D:2      | Noticed Natasha
  1268 | D:2      | Killed Natasha
  1269 | D:2      | Gained mutation: Your demonic aura sometimes causes spilled
                  | blood to erupt in flames. [demonic ancestry]
  1269 | D:2      | Reached XP level 4. HP: 34/34 MP: 4/4
  1440 | D:2      | Noticed Natasha
  1448 | D:2      | Killed Natasha
  1812 | D:3      | Noticed a phantom
  1837 | D:3      | Killed a phantom
  1838 | D:3      | Reached skill level 4 in Axes
  1838 | D:3      | Reached skill level 1 in Armour
  1838 | D:3      | Gained mutation: A demonic guardian rushes to your aid.
                  | [demonic ancestry]
  1838 | D:3      | Reached XP level 5. HP: 35/40 MP: 4/6
  2259 | D:3      | Found a faded altar of an unknown god.
  2264 | D:3      | Found an iron altar of Okawaru.
  2481 | D:3      | Reached skill level 5 in Axes
  2481 | D:3      | Reached XP level 6. HP: 44/46 MP: 7/7
  2871 | D:4      | Noticed Ijyb
  2874 | D:4      | Paralysed by Ijyb for 5 turns
  2882 | D:4      | Paralysed by Ijyb for 3 turns
  2889 | D:4      | Killed Ijyb
  2983 | D:4      | Found a shimmering altar of Xom.
  3244 | D:4      | Found a staircase to the Ecumenical Temple.
  3252 | D:4      | Reached skill level 6 in Axes
  3252 | D:4      | Reached XP level 7. HP: 46/52 MP: 6/8
  3276 | D:4      | Found Qaec's Magic Scroll Shoppe.
  3279 | Temple   | Entered the Ecumenical Temple
  3478 | Temple   | Became a worshipper of Ashenzari the Shackled
  3498 | D:4      | Bought a scroll of identify for 20 gold pieces
  3498 | D:4      | Bought a scroll of identify for 20 gold pieces
  3498 | D:4      | Bought a scroll of identify for 20 gold pieces
  3535 | D:4      | Found a shadowy altar of Dithmenos.
  4026 | D:5      | Entered Level 5 of the Dungeon
  4744 | D:6      | Reached skill level 7 in Axes
  4753 | D:6      | Found a sacrificial altar of Ru.
  4891 | D:6      | Noticed a two-headed ogre
  4897 | D:6      | Killed a two-headed ogre
  4898 | D:6      | Reached skill level 8 in Axes
  4898 | D:6      | Gained mutation: You are mostly covered in icy blue scales.
                  | (AC +3) [demonic ancestry]
  4898 | D:6      | Reached XP level 8. HP: 19/61 MP: 3/9
  5037 | D:6      | Reached * piety under Ashenzari
  5544 | D:6      | Reached XP level 9. HP: 46/66 MP: 7/10
  5826 | D:7      | Noticed Pikel
  5838 | D:7      | Killed Pikel
  5839 | D:7      | Reached skill level 5 in Fighting
  5839 | D:7      | Reached skill level 9 in Axes
  5934 | D:7      | Reached ** piety under Ashenzari
  5973 | D:7      | Found a snail-covered altar of Cheibriados.
  6008 | D:7      | Found Zoxyoro's Antique Armour Boutique.
  6468 | D:7      | Noticed a deep elf zephyrmancer
  6483 | D:7      | Killed a deep elf zephyrmancer
  6484 | D:7      | Reached skill level 10 in Axes
  6484 | D:7      | Reached skill level 5 in Armour
  6824 | D:7      | Bought a pair of boots for 108 gold pieces
  6883 | D:8      | Gained mutation: Your demonic aura often causes spilled
                  | blood to erupt in flames. [demonic ancestry]
  6883 | D:8      | Reached XP level 10. HP: 66/76 MP: 9/11
  7180 | D:8      | Found an ancient bone altar of Kikubaaqudgha.
  7256 | D:8      | Found a stormy altar of Qazlal.
  7464 | D:8      | Reached skill level 11 in Axes
  7495 | D:8      | Found a staircase to the Lair.
  7829 | D:8      | Reached *** piety under Ashenzari
  8356 | D:9      | Found a burning altar of Makhleb.
  8381 | D:9      | Noticed a two-headed ogre
  8386 | D:9      | Killed a two-headed ogre
  8523 | D:9      | Paralysed by an orc wizard for 4 turns
  8603 | D:9      | Noticed a wizard
  8607 | Abyss:2  | Cast into level 2 of the Abyss (a wizard)
  8608 | Abyss:2  | Reached **** piety under Ashenzari
  8660 | D:9      | Escaped the Abyss
  8672 | D:9      | Killed a wizard
  8819 | D:9      | Gained mutation: You have a pair of small antennae on your
                  | head. [demonic ancestry]
  8819 | D:9      | Reached XP level 11. HP: 46/85 MP: 9/12
  9025 | D:9      | Noticed a two-headed ogre
  9027 | D:9      | Noticed a two-headed ogre
  9034 | D:9      | Killed a two-headed ogre
  9035 | D:9      | Reached skill level 12 in Axes
  9037 | D:9      | Killed a two-headed ogre
  9186 | D:9      | Noticed a two-headed ogre
  9186 | D:9      | Noticed a purple ugly thing
  9193 | D:9      | Killed a two-headed ogre
  9195 | D:9      | Killed a purple ugly thing
  9250 | D:9      | Noticed a two-headed ogre
  9465 | D:9      | Found the +2 Maxwell's thermic engine {flame, freeze, rev}
  9466 | D:9      | Identified the +1 scale mail of Complete Protection {Str+3}
  9466 | D:9      | Identified the +4 troll leather armour "Rooxy" {Harm rPois
                  | Regen+ Int+4 Dex-5}
  9494 | D:9      | Noticed a flayed ghost
  9499 | D:9      | Killed a flayed ghost
  9552 | D:9      | Noticed an orc knight
  9557 | D:9      | Killed an orc knight
  9558 | Abyss:2  | Cast into level 2 of the Abyss (orc)
  9615 | Abyss:2  | Gained mutation: Your body sometimes deteriorates upon
                  | taking damage. [a neqoxec]
  9616 | Abyss:2  | Gained mutation: Armour fits poorly on your strangely
                  | shaped body. [a neqoxec]
  9621 | Abyss:2  | Gained mutation: Your body often deteriorates upon taking
                  | damage. [a neqoxec]
  9625 | Abyss:2  | Gained mutation: You are dopey. (Int -2) [a neqoxec]
  9673 | Abyss:2  | Noticed a tentacled starspawn
  9682 | Abyss:2  | Noticed a thrashing horror
  9689 | Abyss:2  | Noticed a starcursed mass
  9704 | Abyss:2  | HP: 1/87 [thrashing horror (13)]
  9704 | Abyss:2  | Mangled by a thrashing horror

Illustrated notes

Levels and vault maps discovered:
D:1:      onia_arrival_handbag, layout_loops_ring
D:2:      layout_loops_ring, uniq_natasha
D:3:      layout_basic, nicolae_overflow_ecumenical_swirl,
          guppyfry_early_lair_pool
D:4:      layout_basic, tgw_xom, nicolae_dithmenos_shadow_blocks,
          temple_fountains, serial_shops, shop, serial_bayou_pond_e,
          minmay_misc_feat_diagonals, uniq_ijyb
D:5:      layout_loops_ring
D:6:      layout_loops_ring, nicolae_ru_awakened_eye
D:7:      layout_cave_pools, kennysheep_mini, serial_shops, nicolae_shop_stone,
          roderic_lattice_a, guppyfry_early_elven_hall, uniq_pikel
D:8:      layout_loops_ring, kiku_gazebo_pond_becter,
          nicolae_qazlal_beasts_of_the_sky, david_lair_shrubbed,
          minmay_misc_feat_four_crosses, hangedman_decor_peaks_small,
          chequers_serial_rivers_marsh
D:9:      minmay_the_grid_3x3 [minmay_the_grid_fan, minmay_the_grid_small_cups,
          minmay_the_grid_mess, minmay_the_grid_armoury,
          minmay_the_grid_gridbox, minmay_the_grid_aliased_spiral,
          minmay_the_grid_tiny_cups, minmay_the_grid_outer_circle,
          minmay_the_grid_prize_diamond_cup], layout_loops_ring,
          mainiacjoe_overflow_24_doors
Temple:   nicolae_temple_superstar
Abyss:2:  base: D:2, evilmike_abyss_exit_plants, base: D:2,
          evilmike_abyss_exit_11, hangedman_abyss_lost_library

Skill      XL: |  1  2  3  4  5  6  7  8  9 10 11 |
---------------+----------------------------------+-----
Axes           | 3 4 5 6 8 10 11 12 | 12.9
Dodging        | 3 4 |  4.4
Armour         | 1 2 3 4 5 7 |  7.6
Fighting       | 3 4 6 7 8 |  8.7
Throwing       | 2 |  2.0
Long Blades    | |  0.1
Stealth        | |  0.6
Spellcasting   | |  0.6
Summonings     | |  0.8

Action                     |  1- 3 |  4- 6 |  7- 9 | 10-12 || total
---------------------------+-------+-------+-------+-------++-------
  Melee: War axe           |    84 |    98 |   227 |   236 ||   645
         Punch             |       |     1 |     2 |     3 ||     6
         Double sword      |       |       |       |    20 ||    20
  Throw: Throwing net      |       |       |     2 |       ||     2
   Cast: Summon Small Mamm |     5 |       |       |       ||     5
 Invoke: Curse Item        |       |       |     4 |     2 ||     6
  Evoke: Wand              |       |       |     1 |       ||     1
    Use: Scroll            |     3 |     4 |     7 |       ||    14
         Potion            |       |       |       |     2 ||     2
 Armour: Leather armour    |    34 |       |       |       ||    34
         Chain mail        |     8 |    88 |    69 |   136 ||   301
         Plate armour      |       |       |    73 |    35 ||   108
  Dodge: Dodged            |    62 |    56 |   113 |   162 ||   393

Table legend: (Time is in decaauts)
 A = Elapsed time spent in this place.
 B = Non-inter-level travel time spent in this place.
 C = Inter-level travel time spent in this place.
 D = Time resting spent in this place.
 E = Time spent auto-exploring this place.
 F = Levels seen in this place.
 G = Mean time per level.
                   A        B        C        D        E       F      G
               +--------+--------+--------+--------+--------+-----+--------+
         Total |   9799 |   9799 |      0 |   2100 |      0 |  12 |  816.6 |
       Dungeon |   9389 |   9389 |      0 |   2100 |      0 |   9 | 1043.2 |
        Temple |    208 |    208 |      0 |      0 |      0 |   1 |  208.0 |
         Abyss |    202 |    202 |      0 |      0 |      0 |   2 |  101.0 |
               +--------+--------+--------+--------+--------+-----+--------+

Top non-repeatable levels by time:
     D:9: 1666 daAuts
     D:3: 1139 daAuts
     D:6: 1078 daAuts
     D:7: 1066 daAuts
     D:4: 1041 daAuts
     D:8: 985 daAuts
     D:1: 925 daAuts
     D:2: 785 daAuts
     D:5: 701 daAuts
  Temple: 208 daAuts
 Abyss:2: 202 daAuts
